[Event "*** MasterClass Titled Tuesday Blitz"]
[Site "Chess.com"]
[Date "2017.11.07"]
[Round "1"]
[White "LyonBeast"]
[Black "MartinZumsande"]
[Result "1/2-1/2"]
[WhiteElo "2778"]
[BlackElo "2435"]
[TimeControl "180+2"]
[EndTime "14:13:04 PST"]
[Termination "Game drawn by repetition"]

1. Nc3 d5 2. e4 e6 3. d4 Nf6 4. e5 Nfd7 5. f4 c5 6. Nf3 Nc6 7.
Be3 Be7 8. Qd2 O-O 9. O-O-O c4 10. Qe1 b5 11. Ne2 b4 12. Kd2 Qa5 13. Ra1 c3+ 14. bxc3 Nb6 15. Nc1 Ba6 16. Nb3 bxc3+ 17. Kd1 Qa3 18.
Bxa6 Qxa6 19. Qe2 Nc4 20. Ke1 Nb4 21. Bc1 f6 22. a3 Nc6 23. Kf2 fxe5 24. fxe5 Rf5 25.
Rd1 Raf8 26. Kg1 Qc8 27. Rd3 Qe8 28. Be3 Qg6 29. Bf2 h5 30. Rxc3 Qg4 31. h3 Qg6 32. Rf1 Qf7 33. Nbd2 N6a5 34. Nxc4 Nxc4 35. a4 a5 36. Rb3 Bb4 37. c3 Be7 38. Rb7 Qg6 39.
Kh1 Bg5 40. Rfb1 Rxf3 41. gxf3 Qf5 42. Bg1 Nd2 43. R1b2 Nxf3 44. Qg2 Bh6 45. Rb8 Rxb8 46. Rxb8+ Kh7 47. Rb2 Ne1 48. Qg3 Qe4+ 49. Rg2 Nxg2 50. Qxg2 Qd3 51. Bf2 Qxc3 52. Qf1 Qc2 53. Kg1 Qf5 54.
Kg2 g5 55. Qb5 g4 56. hxg4 hxg4 57. Kg1 Qf3 58. Qd7+ Bg7 59. Qe7 Qd1+ 60. Kh2 Qe2 61. Kg2 Qf3+ 62. Kg1 Qd1+ 63. Kh2 Qe2 64. Kg1 Qd1+ 1/2-1/2

[Event "*** MasterClass Titled Tuesday Blitz"]
[Site "Chess.com"]
[Date "2017.11.07"]
[Round "1"]
[White "Bigfish1995"]
[Black "Grebeniuk-S"]
[Result "1-0"]
[WhiteElo "2931"]
[BlackElo "2440"]
[TimeControl "180+2"]
[EndTime "14:13:17 PST"]
[Termination "Bigfish1995 won on time"]

1. Nf3 f5 2. g3 Nf6 3. Bg2 g6 4.
O-O Bg7 5. d4 O-O 6. c4 d6 7.
Nc3 Qe8 8. d5 a5 9. Nd4 Na6 10.
e4 fxe4 11. Nxe4 Nxe4 12. Bxe4 Bh3 13. Re1 Nc5 14. Bg2 Bxg2 15. Kxg2 Qf7 16. f4 Bf6 17. Be3 Qg7 18. Qd2 a4 19. Rad1 Ra6 20. Nb5 c6 21. dxc6 Rxc6 22. Re2 Qf7 23. Qb4 Na6 24. Qxa4 Rxc4 25. Qb3 Rfc8 26. Na3 Rb4 27. Qxf7+ Kxf7 28. b3 Nc5 29. Nc4 Ne4 30. Bd4 Nc3 31. Bxc3 Bxc3 32. Rc1 d5 33. Ne3 e6 34. Rec2 d4 35. Nd1 e5 36. fxe5 Ke6 37. Nxc3 dxc3 38. Rxc3 Rxc3 39.
Rxc3 Kxe5 40. Rc7 h5 41. Kf3 Kf5 42. Rc5+ Kf6 43. h4 Rb6 44. Rc7 Rb4 45. Rc4 Rb5 46. Rf4+ Ke6 47. b4 Rd5 48. Ke2 Rd8 49. a4 Rc8 50. Kd2 Rd8+ 51. Ke3 Rc8 52. Rd4 Rc1 53. Kf4 Ra1 54. a5 Ra3 55. Re4+ Kf6 56. Rc4 Rb3 57. g4 hxg4 58. Kxg4 Rb1 59. Rf4+ Ke6 60. Kg5 Rg1+ 61. Rg4 1-0

[Event "*** MasterClass Titled Tuesday Blitz"]
[Site "Chess.com"]
[Date "2017.11.07"]
[Round "1"]
[White "Saitama_Hero"]
[Black "Summer-Paradise"]
[Result "0-1"]
[WhiteElo "2167"]
[BlackElo "2485"]
[TimeControl "180+2"]
[EndTime "14:13:20 PST"]
[Termination "Summer-Paradise won by checkmate"]

1. d4 Nf6 2. c4 e6 3. Nc3 Bb4 4. f3 c5 5. a3 Bxc3+ 6. bxc3 d5 7. cxd5 Nxd5 8. dxc5 f5 9. Nh3 O-O 10. Nf4 Nc6 11. Nxd5 exd5 12. Bf4 Qa5 13. Bd6 Qxc3+ 14. Kf2 Re8 15. Qc1 Qd4+ 16. e3 Qh4+ 17. g3 Qf6 18.
Bb5 d4 19. Re1 Bd7 20. Bxc6 Bxc6 21. Qc4+ Kh8 22. Qxd4 Qh6 23. h4 Re6 24. Rad1 Rae8 25. Qf4 Qh5 26. Rd3 h6 27. Bc7 Qf7 28. Red1 R6e7 29. Bd6 Re6 30. Bc7 Kh7 31. Bd6 Rf6 32. Be5 Rfe6 33. Bd4 R6e7 34. Re1 Bb5 35. Rd2 a6 36.
Red1 Qh5 37. Rh1 Bc6 38. Rg1 Re6 39. g4 Qxh4+ 40. Qg3 Qxg3+ 41. Rxg3 fxg4 42. Rxg4 g5 43. e4 Rf8 44. Ke3 Kg6 45. Rdg2 Rf7 46. R2g3 Re8 47. Rh3 h5 48. Rg1 g4 49. Rhg3 Kg5 50. Ke2 Kh6 51. Be3+ Kh7 52. fxg4 h4 53. Rh3 Rxe4 54. Rxh4+ Kg6 55.
Rh3 Rfe7 56. Rd1 Rxg4 57. Rd6+ Kf7 58. Kd2 Rg2+ 59. Kc3 Rg7 60. Bd4 Rg8 61. Rh7+ Ke8 62. Rhh6 Rg3+ 63. Kb4 a5+ 64. Kxa5 Rxa3+ 65. Kb6 Ra6# 0-1

[Event "*** MasterClass Titled Tuesday Blitz"]
[Site "Chess.com"]
[Date "2017.11.07"]
[Round "1"]
[White "Alexander_Moskalenko"]
[Black "hermionegrangermagic"]
[Result "1-0"]
[WhiteElo "2663"]
[BlackElo "2380"]
[TimeControl "180+2"]
[EndTime "14:13:23 PST"]
[Termination "Alexander_Moskalenko won by checkmate"]

1. d4 d5 2. Bg5 h6 3. Bh4 Nf6 4. Bxf6 exf6 5. e3 c6 6. Nd2 Bd6 7.
g3 O-O 8. Bg2 Bf5 9. Ne2 Re8 10.
O-O Nd7 11. c4 dxc4 12. Nxc4 Bc7 13. Nc3 Nb6 14. Na5 Rb8 15. Rc1 Nd5 16. Nb3 Nxc3 17.
bxc3 Be4 18. Bxe4 Rxe4 19. Nc5 Re7 20. Qf3 Bb6 21. Nb3 Qd7 22. c4 Bc7 23. Nc5 Qh3 24. Rb1 Bd6 25. Nd3 Qe6 26. Rfc1 f5 27. Nf4 Qd7 28.
a4 c5 29. Nd5 Ree8 30. Rd1 Qxa4 31. dxc5 Bxc5 32. Qxf5 Qxc4 33. Rbc1 Qa4 34. Nc7 Ba3 35.
Nxe8 Bxc1 36. Rxc1 Rxe8 37. Rc7 Qb3 38. Qd7 Rb8 39. Qd6 Qb1+ 40. Kg2 Qe4+ 41. Kh3 Qe6+ 42. Qxe6 fxe6 43. Kg4 g6 44. Kf4 b5 45. Rxa7 b4 46.
Ra1 Rb5 47. Rb1 Kf7 48. Ke4 Kf6 49. f4 b3 50. g4 b2 51. h4 h5 52. g5+ Ke7 53.
Kd4 Rb3 54. e4 Rb4+ 55. Kd3 Kd6 56. f5 exf5 57. exf5 gxf5 58. Kc3 Rxh4 59. Rxb2 Rg4 60. g6 Rxg6 61. Rb6+ Ke5 62. Rxg6 h4 63. Rh6 Kf4 64. Rxh4+ Kg3 65. Rh8 f4 66. Kd2 Kf2 67. Rg8 f3 68. Rf8 Kg2 69. Ke3 Kg3 70. Rxf3+ Kg2 71. Ke2 Kg1 72.
Rg3+ Kh2 73. Kf2 Kh1 74. Rh3# 1-0

[Event "*** MasterClass Titled Tuesday Blitz"]
[Site "Chess.com"]
[Date "2017.11.07"]
[Round "1"]
[White "AkshatChandra"]
[Black "florianschwabeneder"]
[Result "1-0"]
[WhiteElo "2743"]
[BlackElo "2420"]
[TimeControl "180+2"]
[EndTime "14:13:28 PST"]
[Termination "AkshatChandra won by resignation"]

1. d4 d5 2. Bf4 Nf6 3. e3 c5 4. c3 Nc6 5. Nd2 e6 6. Ngf3 Nh5 7. Bg5 f6 8. Bh4 cxd4 9. Nxd4 g6 10. Be2 Ng7 11.
e4 Nxd4 12. cxd4 Be7 13. O-O O-O 14. e5 g5 15. Bg3 f5 16. f4 g4 17. Rc1 Bd7 18.
Qb3 Qb6 19. Qxb6 axb6 20. Rc7 Bb4 21. Nb1 Rf7 22. a3 Bf8 23. Rfc1 Bc6 24. Rxf7 Kxf7 25.
Be1 Ne8 26. Kf2 Ke7 27. Bb4+ Kf7 28. Bxf8 Kxf8 29. h3 h5 30. Nc3 Nc7 31. Rh1 Kg7 32. Rc1 Kf7 33. Na2 Ke7 34. Nb4 Kd7 35. hxg4 hxg4 36.
Rh1 Re8 37. Rh6 Bb5 38. Bd1 Re7 39. Rh8 Re8 40. Rh6 Re7 41. Bc2 Na6 42. Na2 Nc7 43. Nc3 Bc6 44. Ne2 Nb5 45. Ke3 Nc7 46. Ng3 Bb5 47.
Nxf5 exf5 48. Bxf5+ Ke8 49. Bxg4 Rg7 50. Bf3 Bd7 51.
Rxb6 Bc6 52. f5 Rh7 53. g4 Rh3 54. Kf4 Nb5 55. Bxd5 Nxd4 56. Bxc6+ bxc6 57. e6 Ke7 58. Rb7+ Kd6 59. Rd7+ Kc5 60. e7 Ne2+ 61. Kg5 Re3 62.
f6 Nd4 63. Rxd4 Kxd4 64. f7 1-0

[Event "*** MasterClass Titled Tuesday Blitz"]
[Site "Chess.com"]
[Date "2017.11.07"]
[Round "1"]
[White "Noukii"]
[Black "LastHeroJr"]
[Result "1/2-1/2"]
[WhiteElo "2621"]
[BlackElo "2364"]
[TimeControl "180+2"]
[EndTime "14:13:30 PST"]
[Termination "Game drawn - insufficient material"]

1. d4 Nf6 2. c4 g6 3. Nc3 Bg7 4.
Nf3 O-O 5. e4 d6 6. Be2 e5 7.
O-O Nc6 8. d5 Ne7 9. Nh4 Nd7 10.
g3 f5 11. exf5 gxf5 12. f4 Ng6 13. Ng2 a5 14. Be3 Qe7 15. Qd2 Nf6 16. Rae1 Ne4 17. Nxe4 fxe4 18. f5 Rxf5 19. Qd1 Rxf1+ 20. Rxf1 Bh3 21.
Bg4 Bxg4 22. Qxg4 Rf8 23. Qxe4 Rxf1+ 24. Kxf1 Qf7+ 25. Ke2 Ne7 26. g4 c6 27. dxc6 bxc6 28. b3 d5 29. cxd5 cxd5 30. Qa4 d4 31. Bd2 e4 32.
Qc4 Qxc4+ 33. bxc4 Nc6 34. Nf4 Kf7 35. Nd5 Bf8 36.
a4 Bc5 37. h4 Ke6 38. h5 d3+ 39. Kd1 Ne5 40. Nf4+ Kf7 41. g5 Nxc4 42. Bc3 Ne3+ 43. Kd2 Nf5 44. g6+ hxg6 45. hxg6+ Kg8 46. Nd5 Bd4 47.
Bxd4 Nxd4 48. Nf6+ Kg7 49. Nxe4 Kxg6 50. Kxd3 Nc6 51.
Kc4 Kf5 52. Nc3 Ke6 53. Kc5 Kd7 54. Nd5 Ne5 55. Kb5 Kd6 56. Nb6 Nc6 57. Nc4+ Kd5 58. Ne3+ Kd6 59. Nf5+ Kd5 60. Ne3+ Kd6 61. Nc2 Kd5 62.
Na3 Kd6 63. Kb6 Kd5 64. Nb5 Ne5 65. Kxa5 Kc5 66. Nc7 Nc6+ 67. Ka6 Kb4 68. Kb6 Kxa4 69. Kxc6 1/2-1/2

[Event "*** MasterClass Titled Tuesday Blitz"]
[Site "Chess.com"]
[Date "2017.11.07"]
[Round "1"]
[White "Krasimir_Rusev"]
[Black "pastouche06"]
[Result "1-0"]
[WhiteElo "2591"]
[BlackElo "2335"]
[TimeControl "180+2"]
[EndTime "14:13:47 PST"]
[Termination "Krasimir_Rusev won by resignation"]

1. d4 Nf6 2. Nf3 g6 3. Bf4 Bg7 4. e3 d6 5. h3 O-O 6. c3 b6 7. Bd3 Bb7 8. Bh2 Nbd7 9. O-O c5 10. Qe2 Ne4 11. Nbd2 f5 12. Bxe4 fxe4 13. Ng5 Nf6 14. Ne6 Qd7 15. Nxf8 Rxf8 16. b4 Nd5 17. bxc5 bxc5 18.
Nxe4 Qc6 19. f3 c4 20. Rac1 Bh6 21. f4 e5 22. Rf2 exd4 23. cxd4 c3 24. Qg4 Re8 25.
Ng5 Nxe3 26. Qf3 Qb6 27. Qe2 Qxd4 28. Re1 Bc6 29. Bg3 Nxg2 30. Qxe8+ Bxe8 31. Rxe8+ Bf8 32. Kxg2 Qd5+ 33. Kh2 Qc6 34. Ree2 h6 35. Ne4 Bg7 36. Nxc3 Qxc3 37. Re8+ Kh7 38. Ree2 d5 39. Rc2 Qa5 40. f5 gxf5 41. Rxf5 Qd8 42. Rf7 Kg6 43. Rb7 d4 44. Rg2 Qc8 45. Rc7 Qg8 46. Be5+ Kf5 47.
Rcxg7 Qd5 48. Bg3 d3 49. Rf2+ Ke6 50. Rg6+ Ke7 51. Rg7+ Ke6 52. Rg6+ Ke7 53. Bf4 Kf7 54. Rgg2 Qe4 55. Bd2+ Ke6 56. Rf4 Qd5 57. Rg3 Ke5 58.
Re3+ Kxf4 59. Rxd3+ Ke4 60. Rxd5 Kxd5 61. Bxh6 Ke4 62.
Bf8 a6 63. a3 Kf5 64. Kg3 Ke4 65. Bb4 Kf5 66. Kf3 Kg5 67. Kg3 Kh5 68. h4 Kg6 69. a4 Kh5 70. a5 Kh6 71. Kg4 Kg6 72.
Bc3 Kh6 73. h5 Kh7 74. Kg5 Kg8 75. Kg6 Kf8 76. h6 1-0

[Event "*** MasterClass Titled Tuesday Blitz"]
[Site "Chess.com"]
[Date "2017.11.07"]
[Round "1"]
[White "timator"]
[Black "gmcorrales"]
[Result "1-0"]
[WhiteElo "2424"]
[BlackElo "2677"]
[TimeControl "180+2"]
[EndTime "14:13:48 PST"]
[Termination "timator won by resignation"]

1. Nf3 c5 2. g3 Nc6 3. Bg2 g6 4. d4 cxd4 5. Nxd4 Bg7 6. Nxc6 bxc6 7. O-O Nf6 8. c4 O-O 9. Nc3 Ng4 10. h3 Ne5 11.
Qa4 f5 12. Bf4 h6 13. Rad1 Qb6 14. Qb3 Qxb3 15. axb3 Rb8 16. Na4 Rxb3 17. Bxe5 Bxe5 18. Nc5 Rxb2 19. Nd3 Bf6 20. Nxb2 Bxb2 21. Rb1 Bd4 22. Rfd1 Bb6 23. e3 Kf7 24. Rbc1 c5 25. e4 e6 26. exf5 gxf5 27. g4 fxg4 28. hxg4 Ke7 29. Rd3 Bc7 30. Rh3 Bf4 31. Rd1 Rg8 32. Bf3 Ba6 33. Be2 Bb7 34.
Ra3 a6 35. Kf1 Rf8 36. Bf3 Bc8 37. Rad3 a5 38. Bb7 d6 39. Bxc8 Rxc8 40. Rf3 e5 41. Rfd3 Rc6 42. Rb3 Ra6 43. Ra1 Bd2 44. Rb7+ Kf6 45.
Ra4 Kg5 46. Ke2 Bb4 47. f3 e4 48. fxe4 Kxg4 49. Ke3 Bc3 50. Ra2 Bd4+ 51. Kd3 Be5 52. Rg2+ Kh5 53. Rb1 Bf6 54. Rh1+ Bh4 55. Rgh2 a4 56.
Rxh4+ Kg5 57. R4h2 a3 58. Rf1 h5 59. Rg2+ Kh6 60. Ra2 h4 61. Ke3 Kg5 62. Kf3 Ra4 63. Rg1+ Kh5 64. Rga1 Rxc4 65. Rxa3 Kg5 66. Rd3 h3 67.
Kg3 Rxe4 68. Rxd6 Re3+ 69. Kh2 c4 70. Rc1 c3 71. Rc6 Kg4 72. Rc5 Re2+ 73. Kh1 Ra2 74.
R5xc3 Rb2 75. Rd1 Kf4 76. Rd4+ Ke5 77. Ra4 Kd5 78. Rxh3 Kc5 79. Rh5+ Kb6 80. Rg4 Kb7 81. Rg6 Ka8 82. Rh8+ Ka7 83. Rh7+ Rb7 84. Rxb7+ Kxb7 85. Kg2 1-0

[Event "*** MasterClass Titled Tuesday Blitz"]
[Site "Chess.com"]
[Date "2017.11.07"]
[Round "1"]
[White "pKiLz5Rn9b"]
[Black "pedromartinez91"]
[Result "1-0"]
[WhiteElo "2589"]
[BlackElo "2329"]
[TimeControl "180+2"]
[EndTime "14:14:11 PST"]
[Termination "pKiLz5Rn9b won by resignation"]

1. b3 d5 2. Bb2 e6 3. Nf3 Nf6 4. e3 Be7 5. d4 O-O 6. c4 b6 7. cxd5 exd5 8. Nc3 Bb7 9. Bd3 Nbd7 10. O-O c5 11. Rc1 a6 12. Ne2 Bd6 13. Ng3 g6 14.
Qe2 Re8 15. Rfd1 Qe7 16. Re1 Rac8 17. a4 a5 18. Bb5 Bc6 19. Red1 Bxb5 20. Qxb5 Bxg3 21.
hxg3 Qe6 22. dxc5 Nxc5 23. Nd4 Qd6 24. Ne2 Qc6 25. Qxc6 Rxc6 26. Nf4 Rd8 27. f3 g5 28. Ne2 Re6 29. Rc3 Rd7 30. Nd4 Re8 31. Nf5 Re6 32. g4 h5 33. gxh5 Nxh5 34. g4 Nf6 35. Kg2 d4 36. Nxd4 Re8 37. e4 Red8 38. Rc4 Nxb3 39. Nxb3 Rxd1 40. Bxf6 R8d3 41. Bc3 Rb1 42. Nd4 Rc1 43.
Ne2 Rc2 44. Kf2 f6 45. Rc8+ Kf7 46. Rc7+ Ke8 47. Rc6 Kd7 48. Rc4 Kd6 49. Bb4+ axb4 50. Rxc2 Ra3 51. Rb2 Kc5 52. Rc2+ Kd6 53. Nd4 Rxa4 54.
Rc6+ Ke5 55. Ne2 b5 56. Rc5+ Ke6 57. Rxb5 Kd6 58. Nd4 Ra2+ 59. Kg3 Ra4 60. Nc2 Ra2 61. Nxb4 Rb2 62. Rb6+ Kc5 63. Nd3+ Kxb6 64. Nxb2 Kc5 65. Kf2 Kd4 66. Ke2 Ke5 67. Nd3+ Kd4 68. Kd2 Kc4 69.
Ke3 Kc3 70. e5 fxe5 71. Nxe5 Kc2 72. Nf7 Kd1 73. Nxg5 Ke1 74. Ne4 Kf1 75. g5 1-0

[Event "*** MasterClass Titled Tuesday Blitz"]
[Site "Chess.com"]
[Date "2017.11.07"]
[Round "1"]
[White "Tarlev_Konstantin"]
[Black "Ilja_Semjonovs"]
[Result "1-0"]
[WhiteElo "2623"]
[BlackElo "2351"]
[TimeControl "180+2"]
[EndTime "14:14:40 PST"]
[Termination "Tarlev_Konstantin won by resignation"]

1. Nf3 Nf6 2. c4 e6 3. b3 d5 4. Bb2 Be7 5. e3 O-O 6. Be2 c6 7. O-O h6 8. Nc3 Nbd7 9. d4 a6 10. Qc2 b5 11. e4 b4 12. e5 bxc3 13. exf6 cxb2 14. fxe7 Qxe7 15. Qxb2 dxc4 16. Bxc4 Bb7 17. Rfe1 c5 18. d5 Nb6 19. dxe6 Nxc4 20. bxc4 Bxf3 21. gxf3 fxe6 22. Re3 Rad8 23. Qe5 Rf6 24. Rae1 Rg6+ 25. Kh1 Qh4 26. Qe4 Qxe4 27. Rxe4 Kf7 28. h3 Ke7 29. Kh2 Rd3 30. R1e3 Rd2 31. Re2 Rd3 32. R4e3 Rd4 33. Re4 Rd3 34. R4e3 Rd4 35. Ra3 Rxc4 36. Rxa6 Rc1 37.
Ra4 Rcg1 38. Rg4 R6xg4 39. fxg4 Ra1 40. Rd2 c4 41. Rc2 e5 42. Kg3 Ke6 43. Rxc4 Rxa2 44. Rc7 Ra3+ 45. Kg2 Kf6 46. Rc6+ Ke7 47. h4 Ra4 48. Kg3 Rf4 49. Rc7+ Kf8 50. Rc5 Re4 51. Kf3 Re1 52. Rc7 Kg8 53. Re7 Rh1 54. h5 Ra1 55. Rxe5 Ra3+ 56. Re3 Ra7 57. Kf4 Kf7 58. f3 Ra4+ 59.
Re4 Ra7 60. Rb4 Rc7 61. Rb5 Rd7 62. Kf5 Rc7 63. Rd5 Ra7 64. Rc5 Rd7 65. Ke5 Ra7 66. f4 Re7+ 67. Kf5 Ra7 68. g5 hxg5 69. fxg5 Rb7 70.
g6+ Ke7 71. Kg5 Rd7 72. Rf5 Ke8 73. h6 gxh6+ 74. Kxh6 Ra7 75. g7 Ra6+ 76. Kh7 Ra7 77. Kh8 Ke7 78. g8=Q 1-0

[Event "*** MasterClass Titled Tuesday Blitz"]
[Site "Chess.com"]
[Date "2017.11.07"]
[Round "1"]
[White "popov_m"]
[Black "AndrewMcStone"]
[Result "1-0"]
[WhiteElo "2479"]
[BlackElo "2093"]
[TimeControl "180+2"]
[EndTime "14:14:44 PST"]
[Termination "popov_m won by resignation"]

1. d4 Nf6 2. Nf3 c5 3. d5 e6 4. Nc3 exd5 5. Nxd5 Nxd5 6. Qxd5 Be7 7. e4 O-O 8. Bf4 d6 9. Be2 Nc6 10. c3 Be6 11. Qd2 d5 12. exd5 Qxd5 13. O-O Rad8 14. Qe3 c4 15. Rfd1 Qc5 16. Qxc5 Bxc5 17. Ng5 b5 18. Nxe6 fxe6 19. Bg3 Rxd1+ 20. Rxd1 Rd8 21.
Rxd8+ Nxd8 22. Bc7 Nb7 23. Bf3 Nd6 24. Bc6 a6 25. a4 bxa4 26. Bxa4 Kf7 27. Kf1 Ne4 28. f3 Nd2+ 29. Ke2 Nb3 30. Bc6 Ke7 31. Be5 g6 32.
Bb7 Nc1+ 33. Kd2 Nd3 34. Bg7 Nxb2 35. Bxa6 Nd3 36. Bxc4 Nf4 37. g3 Nd5 38. Be5 Nb6 39. Bb3 Bg1 40. g4 g5 41. Kd3 Kd7 42. h3 Nd5 43. Ke4 Ne7 44. Bf6 h6 45. Bg7 Ng6 46. Bxh6 Nf4 47. Bxg5 Nxh3 48. Bd2 Nf2+ 49. Ke5 Nd3+ 50.
Kf6 Nc5 51. Bc2 Bf2 52. g5 Bh4 53. Kg6 Ke7 54. Kh5 Bg3 55. Be3 Nd7 56. Kg4 Be5 57.
Bd2 Bg7 58. f4 Nc5 59. Kh5 Nd7 60. Kg6 Bh8 61. c4 Nf8+ 62. Kh5 Kd7 63. Bb4 Bg7 64. Ba4+ Kd8 65. Bd6 e5 66. Bxe5 Bxe5 67. fxe5 Ke7 68. g6 Ne6 69. Kh6 Kf8 70. Bc6 Ng7 71. Bd7 Ne6 72.
Bxe6 Ke7 73. Bd5 Kf8 74. g7+ Ke7 75. g8=Q Kd7 76. Qf7+ 1-0

[Event "*** MasterClass Titled Tuesday Blitz"]
[Site "Chess.com"]
[Date "2017.11.07"]
[Round "1"]
[White "chesssharkattack"]
[Black "GMKrikor"]
[Result "1-0"]
[WhiteElo "2401"]
[BlackElo "2608"]
[TimeControl "180+2"]
[EndTime "14:15:31 PST"]
[Termination "chesssharkattack won by checkmate"]

1. e4 e5 2. Nf3 Nc6 3. d4 exd4 4. Nxd4 Bc5 5. Be3 Qf6 6. Nb5 Bxe3 7. fxe3 Qh4+ 8. g3 Qd8 9. Qg4 g6 10. Qf4 d6 11. Bc4 Ne5 12. O-O Bh3 13. Bxf7+ Kd7 14. Nd4 Qe7 15. Nd2 g5 16. Qf2 Nh6 17. Bd5 c6 18.
Bb3 Raf8 19. Qe2 Bxf1 20. Rxf1 Rxf1+ 21. Qxf1 Rf8 22. Qh3+ Nhg4 23. Be6+ Kc7 24. Bxg4 Kb8 25. Be2 g4 26. Qg2 Qg5 27. Nf1 Rf6 28. c4 h5 29.
Nf5 d5 30. cxd5 cxd5 31. h4 gxh3 32. Qxh3 dxe4 33. Nd4 Nf3+ 34. Bxf3 exf3 35. Kf2 Qd5 36. Qh4 Rf8 37. b3 a6 38. Nd2 Qc5 39. N2xf3 Qc3 40.
Qxh5 Qb2+ 41. Ne2 Qxa2 42. Qe5+ Ka8 43. Qe6 Qc2 44. Qd5 Qh7 45. Nf4 Qc2+ 46. Nd2 Qh7 47. Kf3 Qh1+ 48. Ke2 Qh2+ 49. Qg2 Qh7 50. g4 Qc2 51.
Qe4 Qc1 52. g5 Rh8 53. Qg2 Rd8 54. Nd3 Qc2 55. Qe4 Qc7 56. Nf4 Qa5 57. Nc4 Qxg5 58.
Nb6+ Ka7 59. Nfd5 Qh5+ 60. Kd3 Qd1+ 61. Kc3 Qc1+ 62. Qc2 Qe1+ 63. Kb2 Qa5 64. Qc3 Rxd5 65. Nxd5 Qxd5 66. b4 Kb6 67. Ka3 Qd6 68. Kb3 Kb5 69. Qc4+ Kb6 70. e4 Qg3+ 71. Kc2 Qf2+ 72. Kd3 Qf1+ 73. Kd4 Qd1+ 74. Ke5 Qh5+ 75. Kd6 Qh6+ 76. Kd5 Ka7 77. e5 Qh1+ 78. Kd6 Qd1+ 79. Ke7 Qh5 80. e6 Qh7+ 81. Kd8 Qg8+ 82. Kd7 Qg2 83. e7 Qg4+ 84.
Qe6 Qxb4 85. e8=Q Qd2+ 86. Qd6 Qf2 87. Qee6 Ka8 88. Qe8+ Ka7 89. Qeb8# 1-0

[Event "*** MasterClass Titled Tuesday Blitz"]
[Site "Chess.com"]
[Date "2017.11.07"]
[Round "1"]
[White "ChristopherYoo"]
[Black "yosephtaher"]
[Result "1/2-1/2"]
[WhiteElo "2265"]
[BlackElo "2531"]
[TimeControl "180+2"]
[EndTime "14:15:34 PST"]
[Termination "Game drawn by stalemate"]

1. e4 c5 2. Nf3 Nc6 3. d4 cxd4 4. Nxd4 e6 5. Nc3 Qc7 6. Be3 Nf6 7. Qd2 Bb4 8. f3 d5 9. Ndb5 Qe7 10. a3 Bxc3 11.
Nxc3 dxe4 12. fxe4 O-O 13. O-O-O b6 14. Be2 Bb7 15.
Bg5 Rad8 16. Qe3 Qc5 17. Rhf1 Qxe3+ 18. Bxe3 Ne5 19. Bd4 Ned7 20. Bf3 e5 21. Be3 Rfe8 22. Rd2 Nc5 23. Bxc5 bxc5 24. Rfd1 Rd4 25. Nb5 Rxd2 26. Rxd2 g5 27. Nd6 Re7 28. h3 h5 29. g4 hxg4 30.
hxg4 Bc6 31. Nf5 Rd7 32. Re2 Nh7 33. Re3 Nf8 34. Rb3 Ne6 35. Rb8+ Kh7 36. b4 cxb4 37. axb4 Bb7 38. Nd6 Bc6 39. Nc4 f6 40. b5 Bb7 41.
Na5 Nc5 42. Nc6 Bxc6 43. bxc6 Rc7 44. Ra8 a6 45. Kb2 Rxc6 46. Ra7+ Kg6 47. Be2 Rb6+ 48.
Kc1 Rc6 49. Bc4 Rb6 50. Bf7+ Kh6 51. Bd5 Kg6 52. Rc7 Na4 53. Rc8 Rd6 54. Rg8+ Kh7 55.
Rc8 Nb6 56. Rc7+ Kg6 57. Bf7+ Kg7 58. Bc4+ Kf8 59. Bxa6 Rd4 60. Bb7 Ke8 61. Rc6 Nd7 62. Rc8+ Ke7 63. Bd5 Kd6 64. Rc6+ Ke7 65. Re6+ Kd8 66.
Rc6 Ra4 67. Be6 Ke7 68. Bxd7 Kxd7 69. Rxf6 Rxe4 70. Rf5 Rxg4 71. Rxe5 Kd6 72. Re8 Rg2 73.
Kd1 Kd5 74. Ke1 Rxc2 75. Re3 Kd4 76. Rg3 Rc5 77. Kf2 Ke4 78. Ra3 g4 79. Kg2 Kf4 80.
Kg1 g3 81. Ra8 Rf5 82. Ra4+ Kf3 83. Ra3+ Kg4 84. Ra8 Rh5 85. Rg8+ Kh3 86. Rf8 Rh4 87. Rf1 Re4 88. Rd1 Re2 89. Rc1 Kg4 90. Rb1 Re3 91. Ra1 Kf3 92. Rf1+ Kg4 93. Rb1 Kh3 94. Rc1 g2 95. Rb1 Kg3 96. Rb3 Rxb3 1/2-1/2

[Event "*** MasterClass Titled Tuesday Blitz"]
[Site "Chess.com"]
[Date "2017.11.07"]
[Round "1"]
[White "Angry_Serb"]
[Black "wonderfultime"]
[Result "1-0"]
[WhiteElo "2436"]
[BlackElo "2758"]
[TimeControl "180+2"]
[EndTime "14:21:04 PST"]
[Termination "Angry_Serb won by resignation"]

1. e4 e6 2. d4 d5 3. Nc3 Bb4 4. Qd3 dxe4 5. Qxe4 Nf6 6. Qh4 Nc6 7. Nf3 Ne7 8. Bd3 Ned5 9. Bd2 Nxc3 10. bxc3 Be7 11. O-O Nd5 12. Qg3 Bf6 13. Ng5 O-O 14. Bxh7+ Kh8 15.
Qh4 Bxg5 16. Bxg5 Qxg5 17. Qxg5 Kxh7 18. c4 Nf6 19. Qg3 Bd7 20. Qxc7 Bc6 21. Rab1 Rac8 22. Qe5 Rfd8 23. Rb3 Be4 24. Rh3+ Kg8 25. Rg3 Bg6 26. c5 Rd5 27. Qe3 Bxc2 28. Rg5 Bf5 29. h3 Nh7 30. Rg3 Nf6 31. Rc1 Rcd8 32. Rc4 R8d7 33.
Qb3 Ne4 34. Re3 Nd2 35. Qc3 Nxc4 36. Qxc4 Rxd4 37. Qb5 R4d5 38. Qb4 Bg6 39. Rc3 Rc7 40. c6 b6 41. Qf4 e5 42. Qg4 Rd6 43. Qg5 e4 44.
Qe5 Rd1+ 45. Kh2 Rc8 46. c7 Rd7 47. h4 Kf8 48. g4 f6 49. Qe6 Rcxc7 50. Rxc7 Rxc7 51.
Qd6+ Re7 52. h5 Be8 53. Qd5 Bd7 54. Qd6 Bxg4 55. h6 gxh6 56. Qxf6+ Rf7 57. Qxh6+ Kg8 58. Qg6+ Rg7 59. Qxe4 Bd7 60. Qd5+ Rf7 61. Kg3 Kg7 62. Qe5+ Kg6 63. a3 Bf5 64. f4 Rg7 65. Kf3 Rd7 66. Qe8+ Kf6 67. Qh8+ Kg6 68. Qg8+ Kf6 69. Qg5+ Ke6 70. Qh6+ Kf7 71. Ke2 Re7+ 72. Kf2 Rd7 73. Qg5 Ke6 74. Qh6+ Kf7 75. Qh8 Rd2+ 76. Ke1 Rd7 77. Kf2 Rd2+ 78. Ke1 Rd7 79. a4 Rc7 80. Kf2 Rd7 81. Qh5+ Ke6 82. Qh6+ Kf7 83. Qg5 Ke6 84.
Qg8+ Kf6 85. Qh8+ Kf7 86. Qe5 Kg6 87. Qe8+ Kf6 88. Kf3 Rd3+ 89. Ke2 Rd7 90. Qh8+ Kf7 91. Qh6 Rd4 92. Qh5+ Bg6 93. Qg5 Re4+ 94. Kf3 Re6 95. Qd5 Kf6 96. Qd8+ Kg7 97. Kg4 Rf6 98. Qe7+ Rf7 99. Qe5+ Kh7 100. Qd6 Kg7 101. Qd8 Rf5 102. Qe7+ Rf7 103. Qd6 Rf5 104. Qd4+ Kh7 105. Qc3 Rf7 106. Qh3+ Kg7 107. Qc3+ Kh7 108. a5 bxa5 109. Qxa5 Kg7 110. Qe5+ Kh7 111. Qd6 Rf5 112. Qa6 Rf7 113. Kf3 Re7 114. Qf6 Rf7 115. Qg5 Bf5 116. Ke3 Bg6 117. Kd4 Rf5 118. Qe7+ Rf7 119. Qh4+ Kg7 120. Ke5 a5 121. Ke6 Bf5+ 122. Kd6 a4 123. Qg5+ Bg6 124. Qe5+ Kh7 125. Qd4 a3 126. Qa4 a2 127. Qxa2 Rf6+ 128. Ke7 Rf5 129. Qh2+ Kg7 130. Qb2+ Kh7 131. Qd4 Kg8 132. Qc4+ Kg7 133. Qc3+ Kg8 134. Qd4 Kh7 135. Ke6 Kg8 136. Qd8+ Kg7 137. Qh4 Rf8 138. Qe7+ Rf7 139. Qg5 Rf8 140. Qe5+ Kg8 141. Qc7 Rf7 142. Qd8+ Kg7 143. Qd4+ Kh7 144. Qe3 Kg7 145. Qg3 Rf8 146. Qg5 Re8+ 147. Kd7 Rf8 148. Qe5+ Kh7 149. Qg5 Kg7 150. Qh4 Rh8 151. Qe7+ Bf7 152. f5 Rh5 153. Qe5+ Kg8 154. Ke7 Rh7 155. Kf6 Rh6+ 156. Ke7 Rh7 157. Qb8+ Kg7 158. Qg3+ Kh6 159. Kf6 1-0

[Event "*** MasterClass Titled Tuesday Blitz"]
[Site "Chess.com"]
[Date "2017.11.07"]
[Round "2"]
[White "Hasangatin_Ramil"]
[Black "Jadeit90"]
[Result "1-0"]
[WhiteElo "2439"]
[BlackElo "2289"]
[TimeControl "180+2"]
[EndTime "14:22:39 PST"]
[Termination "Hasangatin_Ramil won by resignation"]

1. e4 g6 2. d4 Bg7 3. Nc3 c5 4.
d5 d6 5. Nf3 Nf6 6. Be2 O-O 7.
O-O e6 8. dxe6 Bxe6 9. Bg5 Nc6 10. Qd2 d5 11. exd5 Bxd5 12. Bxf6 Bxf6 13. Qxd5 Qxd5 14. Nxd5 Bxb2 15. Rab1 1-0

[Event "*** MasterClass Titled Tuesday Blitz"]
[Site "Chess.com"]
[Date "2017.11.07"]
[Round "2"]
[White "GMKrikor"]
[Black "Mbneu"]
[Result "1-0"]
[WhiteElo "2610"]
[BlackElo "2307"]
[TimeControl "180+2"]
[EndTime "14:26:07 PST"]
[Termination "GMKrikor won by resignation"]

1. e4 e5 2. Nf3 Nc6 3. Bb5 f5 4. Bxc6 dxc6 5. Nc3 Nf6 6. Qe2 Bd6 7. d3 O-O 8. Bg5 Qe8 9. exf5 Bxf5 10. O-O-O Nd5 11.
Ne4 Bg4 12. Rhg1 Qf7 13. Kb1 Bxf3 14. gxf3 Qxf3 15. Qd2 Bb4 16. c3 Bd6 17. Bh6 Rf7 18.
Ng5 1-0

[Event "*** MasterClass Titled Tuesday Blitz"]
[Site "Chess.com"]
[Date "2017.11.07"]
[Round "2"]
[White "Divertissement"]
[Black "ChristoferPeterson"]
[Result "1-0"]
[WhiteElo "2414"]
[BlackElo "2280"]
[TimeControl "180+2"]
[EndTime "14:26:21 PST"]
[Termination "Divertissement won by resignation"]

1. e4 c5 2. Nf3 d6 3. d4 cxd4 4. Nxd4 Nf6 5. Nc3 g6 6. Be3 Bg7 7. Be2 O-O 8. Qd2 Nc6 9. O-O-O Bd7 10. h4 Ng4 11. Bxg4 Bxg4 12. f3 Nxd4 13. Bxd4 Bxd4 14. Qxd4 Be6 15. h5 Qb6 16. Qd2 Rac8 17. Qh6 g5 18. Qxg5+ Kh8 19. Qxe7 Qd8 20. Qxd6 Qxd6 21. Rxd6 a6 22.
g4 h6 23. Rhd1 Kg7 24. a3 Rc5 25. Ne2 Rfc8 26. Nd4 Bc4 27. Nf5+ Kh7 28. Rxh6+ 1-0